 Dungeon Crawl Stone Soup version 0.19-a0-1626-g5215c36 (webtiles) character file.

46 st0uf the Ruffian (level 3, -2/36 HPs)
             Began as a Troll Monk on Sept 18, 2016.
             Slain by st0uf's ghost (7 damage)
             ... on level 3 of the Dungeon.
             The game lasted 00:04:36 (1066 turns).

st0uf the Ruffian (Troll Monk)                      Turns: 1066, Time: 00:04:36

Health: -2/36      AC:  5    Str: 19    XL:     3   Next: 44%
Magic:  2/2        EV: 14    Int:  6    God:
Gold:   86         SH:  0    Dex: 13    Spells: 0 memorised, 2 levels left

rFire  . . .     SeeInvis .       - Unarmed
rCold  . . .     Gourm    +     a - +0 robe
rNeg   . . .     Faith    .     (no shield)
rPois  .         Spirit   .     (helmet restricted)
rElec  .         Dismiss  .     (no cloak)
rCorr  .         Reflect  .     (gloves unavailable)
MR     .....     Harm     .     (boots unavailable)
Stlth  +.........               (no amulet)
                                (no ring)
                                n - +3 ring of evasion

@: no status effects
A: unfitting armour, claws 3, fast metabolism 3, gourmand, regeneration 1,
shaggy fur 1, tough skin 2
a: no special abilities


You were on level 3 of the Dungeon.
You were very full.

You visited 1 branch of the dungeon, and saw 3 of its levels.

You collected 86 gold pieces.

Inventory:

Armour
 a - a +0 robe (worn)
 p - a +0 shield
Jewellery
 n - a +3 ring of evasion (left claw)
Scrolls
 c - a scroll of blinking {unknown}
 d - a scroll of recharging {unknown}
 g - 2 scrolls of remove curse {unknown}
 i - a scroll of amnesia {unknown}
 j - a scroll of identify {unknown}
Potions
 e - a potion of flight {unknown}
 f - a potion of might {unknown}
 k - a potion of heal wounds {unknown}
 o - a potion of resistance {unknown}
 q - a potion of lignification {unknown}
Comestibles
 b - 2 bread rations
 h - 2 meat rations
 l - 2 slices of pizza
 m - a beef jerky


   Skills:
 + Level 2.7 Fighting
 + Level 1.0 Throwing
 + Level 1.0 Armour
 + Level 2.7 Dodging
 - Level 1.1 Stealth
 + Level 0.0 Shields
 + Level 3.2 Unarmed Combat


You had 2 spell levels left.
You didn't know any spells.

Dungeon Overview and Level Annotations

Branches:
Dungeon (3/15)

Altars:
Sif Muna

Annotations:
D:3 st0uf's ghost, amateur TrMo


Innate Abilities, Weirdness & Mutations

You are too large for most types of armour.
You have claws for hands.
Your metabolism is lightning-fast.
You like to eat raw meat.
Your natural rate of healing is unusually fast.
You are covered in fur. (AC +1)
You have very tough skin. (AC +2)


Message History

St0uf's ghost is severely damaged.
St0uf's ghost completely misses you.
You scratch st0uf's ghost but do no damage.
St0uf's ghost is severely damaged.
St0uf's ghost closely misses you.
You scratch st0uf's ghost.
St0uf's ghost is severely damaged.
St0uf's ghost hits you!
You closely miss st0uf's ghost.
St0uf's ghost is severely damaged.
St0uf's ghost misses you.
You scratch st0uf's ghost but do no damage.
St0uf's ghost is severely damaged.
St0uf's ghost misses you.
You barely miss st0uf's ghost.
St0uf's ghost is severely damaged.
St0uf's ghost hits you!
* * * LOW HITPOINT WARNING * * *
St0uf's ghost hits you!
You die...

##.# #.# #.........# #.#
#.#.........# # #.#
.#.........# .# #.#
..........# #'## ##.#
#.........# #...# ...#
#........># #..... .###
#.........##......
.########.......@W#.......
.............>...†'.......
.###.####.##...##.#.......
.# #.# #.###.###.##.(....
.# #.# #.###.###.# #.....
..##.# #.........# #...#
.###.# #####.##### #+## ##
#.# #.# ..# #.#


You could see st0uf's ghost.

Vanquished Creatures
  An adder (D:2)
  A dart slug (D:2)
  2 leopard geckos
  A bat (D:3)
  2 giant cockroaches
  3 hobgoblins
  6 jackals
  A kobold (D:2)
  2 quokkas
  2 frilled lizards
  3 goblins
  6 rats
30 creatures vanquished.

Notes
Turn   | Place    | Note
-------+----------+-------------------------------------------
     0 | D:1      | st0uf the Troll Monk began the quest for the Orb.
     0 | D:1      | Reached XP level 1. HP: 22/22 MP: 0/0
   229 | D:1      | Reached XP level 2. HP: 29/29 MP: 1/1
   318 | D:2      | Reached skill level 1 in Throwing
   374 | D:2      | Reached skill level 1 in Armour
   382 | D:2      | Reached XP level 3. HP: 36/36 MP: 2/2
   471 | D:2      | Found a deep blue altar of Sif Muna.
   986 | D:3      | Noticed st0uf's ghost (amateur TrMo)
  1066 | D:3      | Slain by st0uf's ghost

Vault maps used:
D:1:      dpeg_arrival_erosion
D:2:      led_sif_pool
D:3:      marbit_many_paths, grunt_decor_clamped, kennysheep_generic_room_3

Skill      XL: |  1  2 |
---------------+-------+-----
Throwing       | 1 |  1.0
Armour         | 1 |  1.0
Fighting       | |  2.7
Dodging        | |  2.7
Stealth        | |  1.1
Unarmed Combat | |  3.2

Action                   || total
-------------------------++-------
Melee: Unarmed           ||   103
       Punch             ||     1
 Stab: Sleeping          ||     5
  Eat: Chunk             ||    14
Armor: Robe              ||    27
Dodge: Dodged            ||    55
